 Dungeon Crawl Stone Soup version 0.30-a0-862-g1aabd4f9c5 (webtiles) character file.

Game seed: 7280182767080295909

3039 cheesebisquit the Basher (level 9, -7/81 HPs)
             Began as a Minotaur Fighter on Mar 8, 2023.
             Was an Initiate of Wu Jian.
             Killed by divine providence
             ... invoked by an orc priest
              (12 damage)
             ... on level 7 of the Dungeon.
             The game lasted 00:30:06 (8155 turns).

cheesebisquit the Basher (Minotaur Fighter)         Turns: 8155, Time: 00:30:07

Health: -7/81      AC:  9    Str: 25    XL:     9   Next: 56%
Magic:  8/8        EV:  7    Int:  5    God:    Wu Jian [......]
Gold:   355        SH: 18    Dex: 10    Spells: 8/8 levels left

rFire   . . .      SeeInvis .    x - +0 flail
rCold   . . .      Faith    .    h - +4 tower shield
rNeg    . . .      Spirit   .    b - +0 scale mail
rPois   .          Reflect  .    (helmet restricted)
rElec   .          Rampage  .    o - +0 cloak
rCorr   .                        (no gloves)
Will    .....                    (no boots) Stlth
                                 (no amulet)
HPRegen 0.33/turn                (no ring)
MPRegen 0.11/turn                (no ring)

@: no status effects
A: horns 2, retaliatory headbutt
a: Renounce Religion


You were on level 7 of the Dungeon.
You worshipped Wu Jian.
Wu Jian was noncommittal.
You visited 2 branches of the dungeon, and saw 8 of its levels.

You collected 355 gold pieces.

Inventory:

Hand Weapons
 a - a +0 long sword
 c - a +2 short sword of distortion
 d - a +0 war axe
 g - a +0 falchion
 x - a +0 flail (weapon)
Missiles
 v - 4 javelins (quivered)
 w - 17 poisoned darts
 y - 2 boomerangs
 A - 2 curare-tipped darts
Armour
 b - a +0 scale mail (worn)
 h - a +4 tower shield (worn)
 o - a +0 cloak (worn)
Wands
 p - a wand of charming (12)
 t - a wand of flame (15)
Scrolls
 e - a scroll of fog {unknown}
 j - a scroll of amnesia
 k - a scroll of silence
 l - 4 scrolls of magic mapping
 m - a scroll of noise
 n - 2 scrolls of poison
 s - a scroll of blinking {unknown}
 u - 2 scrolls of immolation {unknown}
Potions
 i - 3 potions of attraction
 r - a potion of brilliance
 z - a potion of magic
 C - a potion of curing


   Skills:
 + Level 8.0 Fighting
 - Level 6.0 Long Blades
 - Level 2.3(5.6) Axes
 * Level 8.2(8.3) Maces & Flails
 + Level 7.9 Armour
 + Level 8.0 Shields


You had 8 spell levels left.
You didn't know any spells.
Your spell library contained the following spells:

 Spells                   Type           Power      Damage    Failure   Level
 Cigotuvi's Dreadful Rot  Necr/Pois/Air  0%         N/A       100%        2
 Tukima's Dance           Hex            0%         N/A       100%        3
 Dispel Undead            Necr           0%         3d6       100%        4
 Passage of Golubria      Tloc           0%         N/A       100%        4
 Yara's Violent Unravell  Hex/Tmut       0%         3d3       100%        5
 Death Channel            Necr           0%         N/A       100%        6


Dungeon Overview and Level Annotations

Branches:
Dungeon (7/15)             Temple (1/1) D:5

Altars:
Ashenzari
Cheibriados
Dithmenos
Elyvilon
Fedhas
Gozag
Hepliaklqana
Kikubaaqudgha
Makhleb
Nemelex Xobeh
Okawaru
Qazlal
Ru
Sif Muna
Trog
Uskayaw
Vehumet
Wu Jian
Xom
Yredelemnul
Zin
Lugonu

Shops:
D:1 :(*

Portals:
Abyss: D:4

Annotations:
D:3 2 transporters, browni3141's ghost, amateur KoAr
D:7 Prince Ribbit


Innate Abilities, Weirdness & Mutations

You have a pair of horns on your head.
You reflexively headbutt those who attack you in melee.


Message History

* * * LOW HITPOINT WARNING * * *
You hit the yak but do no damage.
The yak is severely wounded.
The yak gores you but does no damage.
You completely miss the yak. You headbutt the yak.
The yak is severely wounded.
The yak gores you but does no damage.
You barely miss the yak. Your headbutt misses the yak.
The yak is severely wounded.
You block the yak's attack.
You hit the yak but do no damage.
The yak is severely wounded.
You block the yak's attack. The yak gores you!
* * * LOW HITPOINT WARNING * * *
You sock the yak!
You kill the yak!
The Council accepts your kill.
The orc priest calls down the wrath of Beogh upon you.
Pain shoots through your body!
* * * LOW HITPOINT WARNING * * *
Your Fighting skill increases to level 8!
Your Shields skill increases to level 8!
You lunge at the orc priest, but your attack speed is too slow for a blow to land.
You block the orc priest's attack.
There is an open door, spattered with blood here.
You hit the orc priest.
The orc priest is moderately wounded.
The orc priest hits you with a +0 short sword.
* * * LOW HITPOINT WARNING * * *
You barely miss the orc priest. You headbutt the orc priest.
The orc priest is severely wounded.
The orc priest hits you but does no damage.
The orc priest mumbles some strange prayers to Beogh against you.
Pain shoots through your body!
* * * LOW HITPOINT WARNING * * *
You barely miss the orc priest.
The orc priest is severely wounded.
The orc priest invokes the aid of Beogh against you.
Beogh smites you!
You die...

#.....#...>..........
#.....#..............
#.....#........####'#
########'####........#.....
#............[...#####.....
#................#...'.....
#................#...#.....
#.........o......######..##
##########@####'##..###..##
#..........#....#....
#..........#....'....
#..........#....#...F
##...########..###.##
#######..###..###.##
#...............
#...............
#...............


You could see an orc priest.

Vanquished Creatures
  A hornet (D:7)
  4 yaks (D:7)
  Edmund (D:5)
  Menkaure (D:7)
  A water moccasin (D:6)
  Duvessa (D:3)
  2 ice beasts
  2 black bears (D:6)
  3 ogres
  A phantom (D:7)
  A kobold brigand (D:6)
  A gnoll sergeant (D:6)
  3 scorpions
  2 bullfrogs
  Dowan (D:5)
  3 jellies
  A hound (D:5)
  3 sleepcaps
  5 iguanas
  Ijyb (D:5)
  An orc wizard (D:5)
  4 gnolls (D:6)
  9 adders
  A worm (D:4)
  3 dart slugs (D:4)
  10 orcs
  6 ball pythons
  6 endoplasms
  3 giant cockroaches
  11 goblins
  6 hobgoblins
  8 jackals
  11 quokkas
  5 bats
  3 frilled lizards
  17 kobolds
  9 rats
151 creatures vanquished.

Vanquished Creatures (others)
  An orc wizard (D:7)
1 creature vanquished.

Grand Total: 152 creatures vanquished

Notes
Turn   | Place    | Note
-------+----------+-------------------------------------------
     0 | D:1      | cheesebisquit the Minotaur Fighter began the quest for the
                  | Orb.
     0 | D:1      | Reached XP level 1. HP: 19/19 MP: 0/0
    44 | D:1      | Found Ettuf Luu's Weapon Emporium.
    94 | D:1      | Reached XP level 2. HP: 26/26 MP: 1/1
   258 | D:1      | Found Aforch's General Store.
   500 | D:1      | Found Lupuilie's Book Shop.
   605 | D:2      | Reached XP level 3. HP: 33/33 MP: 2/2
  1015 | D:2      | Reached XP level 4. HP: 36/40 MP: 3/3
  1798 | D:3      | Noticed browni3141's ghost (amateur KoAr)
  1833 | D:3      | Found a transporter.
  1958 | D:3      | Found a transporter.
  1993 | D:3      | Found an ancient bone altar of Kikubaaqudgha.
  2450 | D:4      | Reached XP level 5. HP: 38/47 MP: 4/4
  2738 | D:4      | Reached skill level 5 in Long Blades
  2857 | D:4      | Found a glowing silver altar of Zin.
  2964 | D:4      | Found a large runed translucent door.
  2964 | D:4      | Found a large runed translucent door.
  3116 | D:4      | Found a one-way gate to the infinite horrors of the Abyss.
  3195 | D:4      | Noticed an ogre
  3208 | D:4      | HP: 2/47 [ogre/+0 giant club (25)]
  3213 | D:4      | Killed an ogre
  3214 | D:4      | Reached XP level 6. HP: 51/55 MP: 5/5
  3414 | D:4      | Found a corrupted altar of Lugonu.
  3801 | D:4      | Upgraded the game from 0.30-a0-860-g512cf1e979 to
                  | 0.30-a0-862-g1aabd4f9c5
  3803 | D:5      | Entered Level 5 of the Dungeon
  3803 | D:5      | Noticed Duvessa
  3803 | D:5      | Noticed Dowan
  3877 | D:5      | Reached skill level 5 in Fighting
  3877 | D:5      | Reached skill level 5 in Armour
  3877 | D:5      | Reached skill level 5 in Shields
  4299 | D:5      | Reached skill level 1 in Axes
  4373 | D:5      | Noticed Ijyb
  4382 | D:5      | Killed Ijyb
  4409 | D:5      | Reached XP level 7. HP: 56/61 MP: 6/6
  4507 | D:5      | Killed Dowan
  4573 | D:3      | Killed Duvessa
  4574 | D:3      | Reached skill level 1 in Maces & Flails
  4826 | D:5      | Noticed Edmund
  4832 | D:5      | Killed Edmund
  5261 | D:5      | Found a staircase to the Ecumenical Temple.
  5350 | Temple   | Entered the Ecumenical Temple
  5618 | Temple   | Became a worshipper of the Wu Jian Council
  6004 | D:6      | Reached XP level 8. HP: 43/70 MP: 7/7
  6428 | D:6      | Reached skill level 5 in Maces & Flails
  7150 | D:6      | Found a shimmering blue altar of Sif Muna.
  7274 | D:7      | Noticed a hornet
  7425 | D:7      | Killed a hornet
  7426 | D:7      | Reached XP level 9. HP: 78/79 MP: 8/8
  7497 | D:7      | Noticed Menkaure
  7501 | D:7      | Killed Menkaure
  8026 | D:7      | Noticed Prince Ribbit
  8155 | D:7      | Killed from afar by an orc priest

Illustrated notes

Levels and vault maps discovered:
D:1:      dpeg_arrival_chambers_temple_mockup, layout_rooms, serial_shops, shop,
          nicolae_shop_bloodbath_and_beyond, shop, minmay_ruptured
D:2:      layout_loops_ring
D:3:      layout_loops_corners, lemuel_tele_altar, gammafunk_ghost_stat_death
D:4:      due_chaos_kobolds, layout_loops_corners,
          mainiacjoe_overflow_six_doors_small
D:5:      layout_layer_cave, temple_fountains, sigmund_army, uniq_edmund,
          uniq_duvessa, uniq_ijyb
D:6:      nicolae_cairo_tiling_very_big, layout_basic, lemuel_blue_sif_altar,
          chequers_serial_rivers_small_3
D:7:      layout_gridville, tso_metal_star, uniq_joseph, uniq_menkaure,
          uniq_prince_ribbit1
Temple:   hc_temple_tempest_star

Skill      XL: |  1  2  3  4  5  6  7  8  9 |
---------------+----------------------------+-----
Long Blades    | 3 4 5 6 |  6.0
Shields        | 4 5 6 7 8 |  8.0
Fighting       | 4 5 6 7 8 |  8.0
Armour         | 4 5 6 7 |  7.9
Axes           | 2 |  2.3
Maces & Flails | 3 6 8 |  8.2

Action                     |  1- 3 |  4- 6 |  7- 9 || total
---------------------------+-------+-------+-------++-------
  Melee: Long sword        |   107 |   163 |       ||   270
         Headbutt          |    13 |    36 |    49 ||    98
         War axe           |       |    28 |    23 ||    51
         Flail             |       |       |   207 ||   207
  Throw: Stone             |    15 |       |       ||    15
         Dart              |       |    11 |       ||    11
         Javelin           |       |     1 |    14 ||    15
Ability: Lunge             |       |       |    13 ||    13
    Use: Scroll            |       |    15 |     2 ||    17
         Potion            |       |     6 |     7 ||    13
 Armour: Scale mail        |    44 |    59 |    94 ||   197
  Dodge: Dodged            |    21 |    31 |    56 ||   108
  Block: Tower shield      |    88 |   178 |   248 ||   514

Table legend: (Time is in decaauts)
 A = Elapsed time spent in this place.
 B = Non-inter-level travel time spent in this place.
 C = Inter-level travel time spent in this place.
 D = Time resting spent in this place.
 E = Time spent auto-exploring this place.
 F = Levels seen in this place.
 G = Mean time per level.
                   A        B        C        D        E       F      G
               +--------+--------+--------+--------+--------+-----+--------+
         Total |   8452 |   7752 |    700 |    546 |   5575 |   8 | 1056.5 |
       Dungeon |   8119 |   7445 |    674 |    546 |   5293 |   7 | 1159.9 |
        Temple |    333 |    307 |     26 |      0 |    281 |   1 |  333.0 |
               +--------+--------+--------+--------+--------+-----+--------+

Top non-repeatable levels by time:
     D:6: 1759 daAuts
     D:4: 1524 daAuts
     D:5: 1435 daAuts
     D:3: 1233 daAuts
     D:2: 782 daAuts
     D:1: 718 daAuts
     D:7: 665 daAuts
  Temple: 333 daAuts
